AoeStats
← audi

Arabia

509694150Analyzed
3v3 RM · 5d ago on Sep 27, 2026· 44m 53s· 6 players
Game mode
Random Map
Map size
Normal (6 player)
Population
200
Speed
Normal
Resources
Standard
Victory
Conquest
Starting age
Dark Age
Ending age
Imperial Age
RankedLock teamsTeams togetherTeam positionsShared explorationLock speedFull tech treeHidden civsTurbo modeCheats
Victory
Defeat
🇲🇽 Vietnamese · Mexico
1175
+14
🇵🇪 Poles · Peru
1118
+16
🇬🇷 Persians · Greece
1065
+18
🇹🇷 Franks · Türkiye
1144
-17
🇹🇷 Varangians · Türkiye
1128
-16
🇹🇷 Saracens · Türkiye
1100
-15
Timber
1:46 Loom
6:41 Loom
9:32 Feudal Age
10:26 Double-Bit Axe
10:53 Horse Collar
14:37 Scale Barding Armor
15:50 Fletching
16:07 Padded Archer Armor
18:11 Forging
24:58 Castle Age
24:14 Gold Mining
25:11 Bloodlines
27:36 Iron Casting
27:13 Husbandry
27:27 Town Watch
27:53 Fletching
30:45 Heavy Plow
31:04 Stone Mining
33:16 Bodkin Arrow
34:44 Wheelbarrow
35:14 Fervor
38:19 Scale Mail Armor
38:22 Squires
38:09 Gambesons
38:11 Arson
39:30 Chain Barding Armor
39:25 Chain Mail Armor
39:59 Vendel Legacy
41:33 Bow Saw
45:04 Imperial Age
43:25 Masonry
audi
2:47 Loom
10:21 Feudal Age
10:48 Double-Bit Axe
15:37 Castle Age
14:55 Horse Collar
17:02 Bow Saw
18:12 Forging
24:27 Scale Barding Armor
28:25 Padded Archer Armor
29:47 Wheelbarrow
29:16 Gold Mining
30:03 Town Watch
30:36 Stone Mining
33:00 Heavy Plow
34:43 Hand Cart
35:24 Fletching
36:58 Iron Casting
37:15 Husbandry
37:48 Scale Mail Armor
37:43 Bodkin Arrow
44:58 Imperial Age
43:50 Chain Barding Armor
Janissaryyy
0:48 Loom
11:16 Feudal Age
17:08 Castle Age
16:38 Double-Bit Axe
16:57 Town Watch
19:19 Husbandry
20:03 Scale Barding Armor
20:23 Forging
30:14 Chain Barding Armor
36:21 Iron Casting
36:48 Bow Saw
39:55 Wheelbarrow
39:29 Gold Mining
40:28 Town Patrol
41:26 Gold Shaft Mining
41:44 Hand Cart
45:04 Imperial Age
44:00 Masonry
44:11 Ballistics
43:32 Treadmill Crane
Cdeleon
7:29 Loom
9:53 Feudal Age
11:17 Double-Bit Axe
14:01 Fletching
21:19 Castle Age
21:29 Crossbowman
28:04 Horse Collar
28:39 Heavy Plow
30:14 Bodkin Arrow
32:47 Ballistics
32:36 Gold Mining
34:22 Wheelbarrow
34:43 Thumb Ring
35:18 Squires
40:05 Padded Archer Armor
40:42 Bow Saw
40:28 Town Watch
44:50 Imperial Age
43:11 Hand Cart
44:25 Scale Mail Armor
44:42 Leather Archer Armor
44:38 Forging
44:53 Town Patrol
aLaNi
5:09 Loom
10:00 Feudal Age
16:01 Castle Age
14:11 Double-Bit Axe
15:17 Bloodlines
18:16 Scale Barding Armor
19:41 Husbandry
19:58 Horse Collar
21:07 Forging
23:47 Pikeman
28:08 Chain Barding Armor
30:16 Gold Mining
33:31 Iron Casting
34:15 Bow Saw
35:47 Scale Mail Armor
35:39 Fletching
35:50 Padded Archer Armor
37:23 Heavy Plow
40:59 Imperial Age
39:06 Wheelbarrow
40:21 Chain Mail Armor
41:37 Hand Cart
40:44 Cavalier
41:11 Halberdier
43:38 Plate Barding Armor
43:23 Squires
RaskWarrioR
6:36 Loom
9:13 Feudal Age
9:53 Double-Bit Axe
14:45 Horse Collar
20:57 Castle Age
19:35 Scale Barding Armor
19:46 Gold Mining
21:43 Bloodlines
22:01 Chain Barding Armor
21:42 Husbandry
22:57 Forging
26:49 Light Cavalry
29:12 Iron Casting
28:48 Bow Saw
28:40 Heavy Plow
29:13 Light Cavalry
30:41 Wheelbarrow
39:07 Imperial Age
36:59 Hand Cart
37:26 Fletching
37:55 Szlachta Privileges
39:19 Cavalier
39:21 Light Cavalry
41:04 Blast Furnace
40:23 Szlachta Privileges
40:34 Stone Mining
41:15 Crop Rotation
41:44 Bodkin Arrow
42:24 Lechitic Legacy
43:38 Town Watch
45:14 Conscription
44:32 Winged Hussar
Connection lost

Rejoining the realm…

Still unreachable

The connection could not be restored.

Session expired

The server has moved on; the page needs a fresh start.